Map: Port Aleksander LE

Players

FafaLeGrand

  • Race: Protoss Protoss
  • League: Silver
  • Spawn Location: 5:00

Throwfordays - Winner!

  • Race: Protoss Protoss
  • League: Silver
  • Spawn Location: 11:00

VOD

Have the link to the VOD?

Description

Time

  • Played on: Feb. 10, 2019, 4:56 p.m.
  • Length: 9:25
Show
View Real Time Build Order
Export as new Build Order

FafaLeGrand Protoss 

Build Orders:  

Get SALT Encoding   

  12  0:02  Probe  
  13  0:16  Probe  
  14  0:22  Pylon  
  14  0:28  Probe  
  15  0:40  Probe  
  15  0:42  Forge  
  16  0:58  Pylon  
  16  1:02  Probe  
  17  1:13  Assimilator  
  17  1:18  Assimilator  
  17  1:27  Probe  
  17  1:29  Gateway  
  18  1:38  Pylon  
  18  1:39  Probe  
  18  1:42  Pylon  
  19  1:50  Probe  
  20  1:59  Probe  
  20  2:02  Pylon  
  20  2:08  Probe  
  22  2:17  Probe  
  23  2:25  Protoss Shields Level 1  
  23  2:27  Pylon  
  23  2:29  Probe  
  24  2:41  Probe  
  25  2:53  Probe  
  25  2:57  Cybernetics Core  
  26  3:05  Probe  
  27  3:26  Photon Cannon  
  27  3:27  Photon Cannon  
  27  3:31  Zealot  
  29  3:42  Nexus  
  29  3:58  Zealot  
  29  3:59  Stargate  
  31  4:25  Stalker  
  33  4:35  Shield Battery  
  33  4:42  Pylon  
  33  4:46  Pylon  
  33  4:55  Pylon, Stalker  
  33  4:56  Void Ray  
  39  5:00  Probe  
  40  5:13  Probe  
  41  5:24  Pylon  
  41  5:25  Probe  
  41  5:27  Pylon  
  42  5:31  Pylon  
  42  5:32  Probe  
  43  5:37  Probe  
  44  5:44  Probe  
  44  5:48  Void Ray  
  44  5:49  Probe  
  50  5:57  Probe  
  51  5:59  Photon Cannon  
  51  6:00  Assimilator  
  51  6:01  Probe  
  51  6:03  Assimilator  
  52  6:09  Probe  
  53  6:13  Probe  
  54  6:20  Probe  
  54  6:23  Probe  
  56  6:28  Probe  
  56  6:31  Probe  
  58  6:42  Stalker  
  60  7:12  Stalker  
  60  7:13  Protoss Air Weapons Level 1  
  62  7:21  Void Ray  
  66  8:04  Void Ray  
  70  8:11  Photon Cannon  
  70  8:14  Pylon  
  70  8:16  Shield Battery  
Show
View Real Time Build Order
Export as new Build Order

Throwfordays Protoss - Winner!

Build Orders:  

Get SALT Encoding   

  12  0:01  Probe  
  13  0:13  Probe  
  14  0:21  Pylon  
  14  0:25  Probe  
  15  0:39  Probe  
  15  0:40  Gateway  
  16  0:51  Probe  
  17  1:04  Probe  
  18  1:16  Probe  
  19  1:28  Probe  
  20  1:32  Zealot  
  20  1:38  Cybernetics Core  
  22  1:40  Probe  
  22  1:43  Assimilator  
  23  1:52  Gateway  
  23  1:59  Pylon  
  23  2:07  Warp Gate  
  23  2:09  Assimilator  
  23  2:32  Nexus  
  23  2:37  Probe  
  24  2:49  Probe  
  25  2:51  Forge  
  25  3:07  Twilight Council  
  25  3:09  Protoss Ground Weapons Level 1  
  25  3:28  Stalker  
  25  3:33  Probe  
  28  3:40  Probe  
  28  3:42  Probe  
  30  3:48  Probe  
  30  3:50  Probe  
  32  3:58  Probe  
  32  3:59  Probe  
  34  4:10  Probe  
  34  4:11  Probe  
  34  4:13  Pylon  
  36  4:17  Pylon  
  36  4:20  Stalker  
  36  4:22  Probe  
  36  4:23  Probe  
  40  4:25  Assimilator  
  40  4:30  Assimilator  
  39  4:34  Probe  
  39  4:37  Blink  
  39  4:38  Stalker  
  42  4:46  Probe x2  
  44  4:58  Probe  
  44  4:59  Probe  
  46  5:02  Photon Cannon  
  46  5:07  Photon Cannon  
  46  5:10  Probe  
  46  5:11  Probe  
  46  5:14  Photon Cannon  
  48  5:18  Photon Cannon  
  48  5:22  Probe  
  48  5:23  Probe  
  50  5:30  Photon Cannon  
  50  5:33  Photon Cannon  
  50  5:34  Protoss Ground Weapons Level 2  
  50  5:35  Probe  
  51  5:38  Photon Cannon  
  51  5:42  Photon Cannon  
  51  5:49  Pylon  
  51  5:56  Probe  
  52  5:59  Stalker x2  
  56  6:08  Probe  
  57  6:13  Forge  
  57  6:16  Protoss Ground Armor Level 1  
  57  6:19  Gateway  
  57  6:20  Gateway  
  57  6:38  Pylon  
  57  6:42  Stalker  
  57  6:43  Stalker  
  61  6:54  Pylon  
  61  7:00  Pylon  
  61  7:12  Sentry, Stalker  
  65  7:17  Charge  
  65  7:29  Stalker  
  67  7:30  Stalker  
  67  7:32  Gateway  
  69  7:38  Gateway  
  69  7:45  Nexus  
  67  8:03  Stalker x2  
  67  8:04  Stalker x2  
  75  8:23  Assimilator  
  75  8:27  Assimilator  
  75  8:31  Stalker x2  
  75  8:32  Stalker x3  
Tags
 
Matchup
PvP
Replay Pack
Multiplayer
Spawn Locations
Cross Positions
Add a new tag
Caveats
  • Supply blocks, unpowered buildings, or Contaminate may cause inaccurate times.
  • Supply counts are checked every 10 seconds.